 Dungeon Crawl Stone Soup version 0.23-a0-577-g2b1de94 (webtiles) character file.

25593 zishaf the Severer (level 12, -2/113 HPs)
             Began as a Minotaur Berserker on Dec 14, 2018.
             Was a High Priest of Trog.
             Slain by a death knight
             ... wielding a +0 battleaxe
              (25 damage)
             ... on level 12 of the Dungeon.
             The game lasted 00:24:28 (10531 turns).

zishaf the Severer (Minotaur Berserker)            Turns: 10531, Time: 00:24:28

Health: -2/113     AC: 22    Str: 27    XL:     12   Next: 90%
Magic:  14/14      EV: 11    Int:  7    God:    Trog [*****.]
Gold:   648        SH:  0    Dex: 21    Spells: 11/11 levels left

rFire    . . .     SeeInvis .   a - +4 battleaxe (curse)
rCold    + . .     Gourm    .   (shield currently unavailable)
rNeg     . . .     Faith    .   P - +0 plate armour
rPois    .         Spirit   .   O - +2 hat {Int+3}
rElec    .         Reflect  .   A - +0 cloak
rCorr    .         Harm     .   R - +0 pair of gloves of Zaorof {rC+} (curse)
MR       ++...                  r - +0 pair of boots
Stlth    ..........             B - amulet of regeneration
HPRegen  1.68/turn              W - +5 ring of strength
MPRegen  0.14/turn              Y - +6 ring of dexterity

@: lethally poisoned (-2 -> -2), regenerating
A: retaliatory headbutt, horns 2
a: Berserk, Trog's Hand, Brothers in Arms, Renounce Religion


You were on level 12 of the Dungeon.
You worshipped Trog.
Trog was extremely pleased with you.
You were hungry.

You visited 1 branch of the dungeon, and saw 12 of its levels.
You also visited: Ossuary and Gauntlet.

You collected 648 gold pieces.

Inventory:

Hand Weapons
 a - a cursed +4 battleaxe (weapon)
 b - the +4 shortbow of the Unspeakable One {flame, rPois rC+}
   (You took it off a minotaur in a Gauntlet)

   It causes projectiles fired from it to burn those they strike, causing extra
   injury to most foes and up to half again as much damage against particularly
   susceptible opponents.
   It protects you from cold.
   It protects you from poison.
 f - a +1 vampiric battleaxe
Missiles
 q - 31 arrows
Armour
 r - a +0 pair of boots (worn)
 A - a +0 cloak (worn)
 C - a +1 pair of gloves
 O - a +2 hat of intelligence (worn)
 P - a +0 plate armour (worn)
 R - the cursed +0 pair of gloves of Zaorof (worn) {rC+}
   (You found it in a Gauntlet)

   It protects you from cold.
   It has a curse placed upon it.
Jewellery
 B - an amulet of regeneration (around neck)
 F - an uncursed ring of resist corrosion {unknown}
 T - an uncursed ring of protection from fire
 V - an uncursed ring of see invisible
 W - a +5 ring of strength (left hand)
 Y - a +6 ring of dexterity (right hand)
Wands
 e - a wand of acid (19)
 n - a wand of polymorph (19)
 y - a wand of random effects (24)
 L - a wand of iceblast (6)
 Q - a wand of flame (41)
 U - a wand of enslavement (5)
 X - a wand of disintegration (19)
Scrolls
 g - 3 scrolls of fog
 i - 3 scrolls of fear
 j - 2 scrolls of enchant weapon
 k - 4 scrolls of teleportation
 l - a scroll of vulnerability
 m - 3 scrolls of blinking
 w - 6 scrolls of immolation
 D - 7 scrolls of remove curse {unknown}
 J - 2 scrolls of silence
 K - 2 scrolls of holy word
 M - 4 scrolls of enchant armour
Potions
 d - 3 potions of flight
 h - a potion of cancellation
 o - 4 potions of heal wounds
 p - 4 potions of magic
 s - 3 potions of curing
 t - 2 potions of might
 v - 6 potions of agility
 x - 2 potions of invisibility
 z - 2 potions of brilliance
 E - 2 potions of haste
 G - a potion of mutation
 H - 2 potions of resistance
 N - a potion of lignification
Miscellaneous
 I - a lightning rod (4/4)
Comestibles
 c - 13 rations


   Skills:
 + Level 12.8 Fighting
 * Level 16.9 Axes
 + Level 12.5 Armour
 - Level 4.2 Dodging
 + Level 4.9 Evocations


You had 11 spell levels left.
You didn't know any spells.
Your spell library contained the following spells:

 Spells                   Type           Power        Failure   Level  Hunger
 Animate Skeleton         Necr           N/A          98%         1    ##.....
 Apportation              Tloc           #.....       98%         1    ##.....
 Confusing Touch          Hex            #.....       98%         1    ##.....
 Flame Tongue             Conj/Fire      #....        98%         1    ##.....
 Infusion                 Chrm           #...         98%         1    ##.....
 Magic Dart               Conj           #...         98%         1    ##.....
 Summon Small Mammal      Summ           #...         98%         1    ##.....
 Searing Ray              Conj           #.....       99%         2    ###....
 Throw Frost              Conj/Ice       #.....       99%         2    ###....
 Conjure Flame            Conj/Fire      #.......     100%        3    ####...
 Dazzling Spray           Conj/Hex       #.....       100%        3    ####...
 Spectral Weapon          Hex/Chrm       #.......     100%        3    ####...
 Force Lance              Conj/Tloc      #.......     100%        4    #####..
 Fulminant Prism          Conj/Hex       #.........   100%        4    #####..
 Iskenderun's Mystic Bla  Conj           #.......     100%        4    #####..


Dungeon Overview and Level Annotations

Branches:
Dungeon (12/15)            Temple (0/1) D:7            Lair (0/6) D:9
    Orc (0/2) D:12

Altars:
Ashenzari
Cheibriados
Dithmenos
Elyvilon
Fedhas
Trog
Vehumet
Zin

Shops:
D:8 (

Annotations:
D:3 1 runed door


Innate Abilities, Weirdness & Mutations

You reflexively headbutt those who attack you in melee.
You have a pair of horns on your head.


Message History

The death knight hits you with a +0 battleaxe!
You feel sick.
You slice the wraith!!
You destroy the wraith!
Trog accepts your kill.
You hit the death knight but do no damage.
You slash the freezing wraith! The freezing wraith hits you!
The freezing wraith freezes you! You resist.
* * * LOW HITPOINT WARNING * * *
The freezing wraith hits you!
* * * LOW HITPOINT WARNING * * *
Your plate armour prevents you from hitting the death knight.
You headbutt the death knight!
The death knight is lightly wounded.
You hit the freezing wraith but do no damage.
You feel sick.
Your troll bites the death knight!
Your troll claws the death knight.
Your troll closely misses the death knight.
The death knight hits you with a +0 battleaxe!!
You die...

+..........#...
#..........#.#
#..........'.# #.
#.....<....# . #. #.
#..........# ..
#.##.##..(....(()####...
...............)))......
........................
#..........##.@.......
.##..........##pTW......
..................##....
...............W..# ..[.
................... ...
................?... ..
.............[.......
.........>............
.......................


You could see a death knight, a freezing wraith, a wraith and a friendly troll
(berserk).

Vanquished Creatures
  Frances (D:12)
  Gastronok (D:8)
  A minotaur (Gauntlet)
  A queen ant (Gauntlet)
  5 two-headed ogres
  2 unseen horrors (D:12)
  A deep elf mage (D:12)
  A cyclops (D:12)
  An elephant (shapeshifter) (Gauntlet)
  A guardian serpent (D:11)
  Maurice (D:12)
  A gargoyle (Gauntlet)
  A freezing wraith (D:12)
  A troll (shapeshifter) (Gauntlet)
  3 trolls
  A hornet (D:10)
  Prince Ribbit (D:7)
  5 slime creatures (D:12)
  A raiju (shapeshifter) (Gauntlet)
  3 hippogriffs
  A vampire (D:9)
  3 wraiths
  6 yaks (D:11)
  A steam dragon (D:10)
  A hungry ghost (D:9)
  The ghost of robertstho the Slinger, an amateur HaHu (D:3)
  2 wargs (D:12)
  5 soldier ants
  An acid dragon (D:11)
  Duvessa (D:7)
  2 phantoms
  9 ice beasts
  4 sky beasts
  A black bear (D:4)
  7 ogres
  2 orc warriors
  2 eyes of draining
  A tengu (shapeshifter) (Gauntlet)
  A necrophage (D:6)
  3 wolves (D:9)
  5 centaurs
  2 big kobolds
  6 bullfrogs
  A gnoll sergeant (D:6)
  Dowan (D:7)
  2 scorpions
  7 killer bees
  8 wights
  2 electric eels (D:9)
  8 crimson imps
  A bullfrog zombie (D:8)
  A centaur zombie (D:8)
  A jelly (D:9)
  10 hounds
  5 orc priests
  Crazy Yiuf (D:7)
  2 bullfrog skeletons
  3 centaur skeletons
  6 iguanas
  8 orc wizards
  13 worker ants
  A hound skeleton (D:8)
  A howler monkey zombie (D:8)
  4 worker ant zombies
  Robin (D:3)
  3 gnolls (D:6)
  A river rat (D:3)
  14 adders
  3 shadow imps
  3 oozes
  2 adder zombies (Ossuary)
  An adder skeleton (D:9)
  A worm (D:2)
  4 dart slugs
  6 leopard geckos
  29 orcs
  7 giant cockroaches
  15 hobgoblins
  22 jackals
  16 kobolds
  9 quokkas
  A ball python (D:3)
  A ball python skeleton (Ossuary)
  5 bats
  7 frilled lizards
  10 goblins
  A hobgoblin skeleton (Ossuary)
  2 hobgoblin zombies (Ossuary)
  A jackal skeleton (D:7)
  A kobold zombie (Ossuary)
  An orc skeleton (Ossuary)
  A quokka skeleton (D:6)
  3 rats
  A plant (Gauntlet)
358 creatures vanquished.

Vanquished Creatures (collateral kills)
  A hydra (D:11)
  A catoblepas (Gauntlet)
  Urug (D:12)
  5 slime creatures (D:12)
  2 orc priests (D:12)
  An orc (D:12)
11 creatures vanquished.

Vanquished Creatures (others)
  An adder (D:9)
  8 fungi (Gauntlet)
  3 plants (Gauntlet)
12 creatures vanquished.

Grand Total: 381 creatures vanquished

Notes
Turn   | Place    | Note
-------+----------+-------------------------------------------
     0 | D:1      | zishaf the Minotaur Berserker began the quest for the Orb.
     0 | D:1      | Reached XP level 1. HP: 19/19 MP: 0/0
   165 | D:1      | Reached XP level 2. HP: 22/27 MP: 1/1
   168 | D:1      | Reached skill level 4 in Axes
   551 | D:2      | Reached ** piety under Trog
   554 | D:2      | Reached XP level 3. HP: 30/33 MP: 2/2
   746 | D:2      | Reached XP level 4. HP: 40/40 MP: 3/3
   880 | D:2      | Reached skill level 5 in Axes
  1105 | D:3      | Noticed a bullfrog
  1114 | D:3      | Killed a bullfrog
  1114 | D:3      | Reached XP level 5. HP: 47/47 MP: 4/4
  1263 | D:3      | Reached *** piety under Trog
  1455 | D:3      | Found a runed door.
  1472 | D:3      | Noticed Robin
  1481 | D:3      | Killed Robin
  1554 | D:3      | Noticed robertstho's ghost (amateur HaHu)
  1571 | D:3      | Killed robertstho's ghost
  1571 | D:3      | Reached skill level 5 in Fighting
  1571 | D:3      | Reached skill level 6 in Axes
  1571 | D:3      | Reached XP level 6. HP: 38/56 MP: 5/5
  1575 | D:3      | Found a runed door.
  2059 | D:4      | Reached **** piety under Trog
  2124 | D:4      | Reached XP level 7. HP: 61/61 MP: 6/6
  2551 | D:4      | Reached skill level 7 in Axes
  2551 | D:4      | Reached skill level 5 in Armour
  2705 | D:4      | Found a shattered altar of Ashenzari.
  2867 | D:5      | Entered Level 5 of the Dungeon
  2963 | D:5      | Reached skill level 8 in Axes
  2995 | D:5      | Reached XP level 8. HP: 62/71 MP: 7/7
  3328 | D:5      | Reached skill level 9 in Axes
  3536 | D:6      | Reached ***** piety under Trog
  3597 | D:6      | Found a radiant altar of Vehumet.
  3599 | D:6      | Found a shadowy altar of Dithmenos.
  3601 | D:6      | Found a blossoming altar of Fedhas.
  3947 | D:7      | Found a staircase to the Ecumenical Temple.
  3953 | D:7      | Reached skill level 10 in Axes
  3953 | D:7      | Noticed a hippogriff
  3958 | D:7      | Reached XP level 9. HP: 79/79 MP: 8/8
  4039 | D:7      | Found a sand-covered staircase.
  4053 | Ossuary  | Entered an ossuary
  4247 | Ossuary  | Reached skill level 11 in Axes
  4496 | D:7      | Noticed Prince Ribbit
  4506 | D:7      | Killed Prince Ribbit
  4716 | D:7      | Found a glowing silver altar of Zin.
  4717 | D:7      | Found a snail-covered altar of Cheibriados.
  4784 | D:7      | Found a white marble altar of Elyvilon.
  4836 | D:7      | Found a bloodstained altar of Trog.
  4988 | D:7      | Found a runed door.
  5048 | D:7      | Noticed Duvessa
  5050 | D:7      | Noticed Dowan
  5057 | D:7      | Killed Duvessa
  5058 | D:7      | Killed Dowan
  5335 | D:7      | Noticed Crazy Yiuf
  5344 | D:7      | Killed Crazy Yiuf
  5522 | D:8      | Reached skill level 12 in Axes
  5586 | D:8      | Reached XP level 10. HP: 35/91 MP: 7/9
  5623 | D:8      | Noticed a two-headed ogre
  5636 | D:8      | Killed a two-headed ogre
  6360 | D:8      | Found Xud Mej's Antique Weapon Emporium.
  6505 | D:8      | Noticed Gastronok
  6518 | D:8      | Killed Gastronok
  6518 | D:8      | Reached skill level 10 in Fighting
  6518 | D:8      | Reached skill level 13 in Axes
  6518 | D:8      | Reached skill level 10 in Armour
  6719 | D:9      | Found a staircase to the Lair.
  6727 | D:9      | Noticed a two-headed ogre
  6731 | D:9      | Reached XP level 11. HP: 101/101 MP: 10/10
  6734 | D:9      | Reached skill level 14 in Axes
  6742 | D:9      | Killed a two-headed ogre
  7686 | D:10     | Entered Level 10 of the Dungeon
  7998 | D:10     | Got a heavy robe
  8284 | D:10     | Identified the +0 robe of the Albatross {rF- Int+8} (You
                  | found it on level 10 of the Dungeon)
  8326 | D:10     | Noticed a two-headed ogre
  8332 | D:10     | Killed a two-headed ogre
  8332 | D:10     | Reached skill level 15 in Axes
  8433 | D:11     | Found a gate leading to a gauntlet.
  8469 | Gauntlet | Entered a Gauntlet
  8469 | Gauntlet | Found a transporter.
  8469 | Gauntlet | Found a transporter.
  8473 | Gauntlet | Found a transporter.
  8479 | Gauntlet | Noticed a queen ant
  8480 | Gauntlet | Found a transporter.
  8521 | Gauntlet | Found a transporter.
  8537 | Gauntlet | Noticed a catoblepas
  8542 | Gauntlet | Found a transporter.
  8551 | Gauntlet | Found a transporter.
  8563 | Gauntlet | Noticed an orb spider
  8565 | Gauntlet | Noticed a queen ant
  8567 | Gauntlet | Noticed a great orb of eyes
  8567 | Gauntlet | a queen ant changed into a great orb of eyes
  8573 | Gauntlet | a great orb of eyes changed into something unseen
  8575 | Gauntlet | Noticed a minotaur
  8640 | Gauntlet | Found a transporter.
  8652 | Gauntlet | Found a transporter.
  8660 | Gauntlet | Found a transporter.
  8660 | Gauntlet | Found a transporter.
  8663 | Gauntlet | Noticed a sixfirhy
  8664 | Gauntlet | Noticed a sixfirhy
  8676 | Gauntlet | Found a transporter.
  8685 | Gauntlet | Found a transporter.
  8706 | Gauntlet | Noticed a tengu warrior
  8707 | Gauntlet | Found a transporter.
  8753 | Gauntlet | Found a transporter.
  8772 | Gauntlet | Found a transporter.
  8868 | Gauntlet | Reached skill level 1 in Evocations
  8871 | Gauntlet | Killed a queen ant
  8914 | Gauntlet | Killed a catoblepas
  8950 | Gauntlet | Noticed an anaconda
  8954 | Gauntlet | an anaconda changed into a merfolk
  8995 | Gauntlet | Got a pair of transparent gloves
  9006 | Gauntlet | Identified the cursed +0 pair of gloves of Zaorof {rC+}
                  | (You found it in a Gauntlet)
  9026 | Gauntlet | Identified the +4 shortbow of the Unspeakable One {flame,
                  | rPois rC+}
  9026 | Gauntlet | Noticed a minotaur
  9036 | Gauntlet | Killed a minotaur
  9051 | Gauntlet | Identified Ynipi Bipo's Almanac of Destructive Good Luck
  9138 | D:11     | Reached XP level 12. HP: 112/112 MP: 12/12
  9793 | D:11     | Noticed a two-headed ogre
  9797 | D:11     | Killed a two-headed ogre
 10075 | D:11     | Noticed a six-headed hydra
 10082 | D:11     | Killed a six-headed hydra
 10132 | D:12     | Reached skill level 16 in Axes
 10266 | D:12     | Noticed Frances
 10268 | D:12     | Noticed Maurice
 10277 | D:12     | Killed Frances
 10427 | D:12     | Killed Maurice
 10429 | D:12     | Noticed a two-headed ogre
 10435 | D:12     | Noticed Urug
 10439 | D:12     | Killed a two-headed ogre
 10450 | D:12     | Killed Urug
 10473 | D:12     | Found a staircase to the Orcish Mines.
 10524 | D:12     | Noticed a death knight
 10531 | D:12     | Slain by a death knight

Vault maps used:
D:1:      dpeg_arrival_rhombus, hex_large
D:3:      ebering_ghost_sewer_f, kennysheep_potato, uniq_robin
D:4:      black_bear_nest_1, lemuel_crystal_altar, first_ration,
          minmay_misc_feat_five
D:6:      gammafunk_temple_overflow_forgotten
D:7:      lightli_temple_of_fire, nicolae_overflow_hidden_temple,
          minmay_temple_entry_ruins, nicolae_ossuary_entry_monument,
          uniq_duvessa, uniq_prince_ribbit1, uniq_crazy_yiuf_cottage
D:8:      serial_shops, nicolae_shop_competitors_out_of_business,
          hangedman_pestilent_swarm, nicolae_two_hexagons, uniq_gastronok
D:9:      erik_lair_island
D:10:     minmay_alternating_orb
D:11:     gauntlet_entry_generic, nrook_guardian_serpent_ordinary
D:12:     erik_orc_4, portal_ice_cave_entry_pillars_1, basic_altar,
          nrook_pool_corridor, due_unseen_surprise, uniq_urug, uniq_maurice,
          uniq_frances
Ossuary:  ossuary_due_cavern
Gauntlet: gammafunk_gauntlet_branching

Skill      XL: |  1  2  3  4  5  6  7  8  9 10 11 12 |
---------------+-------------------------------------+-----
Axes           | 4 5 6 8 10 12 13 15 16 | 16.9
Fighting       | 4 5 6 7 9 10 11 12 | 12.8
Armour         | 3 4 5 7 8 10 11 12 | 12.5
Dodging        | 3 4 |  4.2
Evocations     | 2 4 |  4.9

Action                   |  1- 3 |  4- 6 |  7- 9 | 10-12 || total
-------------------------+-------+-------+-------+-------++-------
Melee: Hand axe          |    65 |    79 |   173 |       ||   317
       Headbutt          |    10 |    14 |    57 |    91 ||   172
       Battleaxe         |       |       |    83 |   355 ||   438
 Fire: Hunting sling     |       |    25 |     1 |       ||    26
Invok: Berserk           |       |     5 |     7 |    13 ||    25
       Trog's Hand       |       |       |     1 |     6 ||     7
       Brothers in Arms  |       |       |       |     4 ||     4
  Use: Scroll            |       |       |    18 |    11 ||    29
 Stab: Sleeping          |     1 |       |       |       ||     1
  Eat: Chunk             |       |     6 |    11 |    20 ||    37
       Ration            |       |     1 |     2 |     3 ||     6
Armor: Animal skin       |    12 |     2 |       |       ||    14
       Ring mail         |       |    24 |     4 |       ||    28
       Scale mail        |       |       |    66 |    15 ||    81
       Plate armour      |       |       |       |   181 ||   181
Dodge: Dodged            |    35 |    70 |   170 |   177 ||   452
Block: Other             |       |       |     2 |     4 ||     6

Table legend:
 A = Non-vault XP
 B = Vault XP
 C = Vault XP percentage of total XP
 D = Non-vault monster count
 E = Vault monster count
 F = Vault count percentage of total count
                 A         B        C        D         E       F
            +---------+---------+-------+---------+---------+-------
      Total |   21942 |   14620 |  40.0 |     272 |      96 |  26.1
            +---------+---------+-------+---------+---------+-------
        D:1 |      32 |       0 |   0.0 |      17 |       0 |   0.0
        D:2 |     124 |       0 |   0.0 |      27 |       0 |   0.0
        D:3 |     156 |     225 |  59.1 |      18 |      19 |  51.4
        D:4 |     538 |     126 |  19.0 |      15 |       1 |   6.2
        D:5 |     785 |       0 |   0.0 |      18 |       0 |   0.0
        D:6 |     472 |       0 |   0.0 |      14 |       0 |   0.0
        D:7 |    1413 |     539 |  27.6 |      20 |       4 |  16.7
        D:8 |    2116 |    2572 |  54.9 |      36 |       5 |  12.2
        D:9 |    3178 |     874 |  21.6 |      33 |       9 |  21.4
       D:10 |    2537 |     833 |  24.7 |      18 |      15 |  45.5
       D:11 |    3447 |     463 |  11.8 |      21 |       1 |   4.5
       D:12 |    7144 |    3676 |  34.0 |      35 |      18 |  34.0
    Ossuary |       0 |     631 | 100.0 |       0 |      13 | 100.0
   Gauntlet |       0 |    4681 | 100.0 |       0 |      11 | 100.0
            +---------+---------+-------+---------+---------+-------
